 Dungeon Crawl Stone Soup version 0.15-a0-288-gf1bfef0 (webtiles) character file.

965 ReteAZ the Digger (level 7, -5/45 HPs)
             Began as an Octopode Earth Elementalist on Apr 29, 2014.
             Slain by an ogre
             ... wielding a cursed -2,-3 giant spiked club
              (26 damage)
             ... on Level 5 of the Dungeon.
             The game lasted 00:33:08 (4730 turns).

ReteAZ the Digger (Octopode Earth Elementalist)     Turns: 4730, Time: 00:33:21

HP  -5/45        AC  1     Str  9      XL: 7   Next: 77%
MP   8/14        EV 14     Int 21      God:
Gold 216         SH  0     Dex 15      Spells:  3 memorised,  6 levels left

rFire  . . .     SeeInvis .     b - 3 stones
rCold  . . .     Clarity  +     (no shield)
rNeg   + . .     Conserve .     (helmet restricted)
rPois  .         rCorr    .     r - amulet of clarity
rElec  .         rRot     .     c - +2 ring of evasion
SustAb . .       Spirit   .     g - ring of positive energy
rMut   .         Warding  .     f - ring "Wycel" {Dex+2 Int+4}
Saprov . . .     Stasis   .     (no ring)
MR     .....                    (no ring)
                                (no ring)
                                (no ring)
                                (no ring)

@: not resistant to hostile enchantments, quite stealthy
A: almost no armour, amphibious, 8 rings, constrict 8, camouflage 1, gelatinous
body 1
a: no special abilities


You were on level 5 of the Dungeon.
You were not hungry.

You visited 1 branch of the dungeon, and saw 5 of its levels.

You collected 216 gold pieces.

Inventory:

Hand weapons
 e - a +3,+3 dagger of pain
Missiles
 b - 3 stones (in tentacle)
Comestibles
 a - 5 bread rations
 k - a sausage
 l - 2 meat rations
 n - a chunk of bat flesh
 p - an apple
 s - 2 chunks of jackal flesh
 v - 4 rotting chunks of ogre flesh
 w - a rotting chunk of goblin flesh
Scrolls
 h - 2 scrolls of remove curse
 m - a scroll of fear
 o - 4 scrolls of identify
 q - 3 scrolls of fog
Jewellery
 c - a +2 ring of evasion (left tentacle)
 f - the ring "Wycel" (on tentacle) {Dex+2 Int+4}
   (You found it on level 4 of the Dungeon)

   [ring of intelligence]

   It affects your intelligence (+4).
   It affects your dexterity (+2).
 g - a ring of positive energy (right tentacle)
 r - an amulet of clarity (around mantle)
Potions
 j - a potion of magic
 t - a potion of agility
Books
 d - a book of Geomancy

   Spells                             Type                      Level
   *Sandblast                         Earth                        1
   *Stoneskin                         Transmutation/Earth          2
   Passwall                           Transmutation/Earth          3
   *Stone Arrow                       Conjuration/Earth            3
   Petrify                            Transmutation/Earth          4
   Lee's Rapid Deconstruction         Earth                        5


   Skills:
 + Level 2.7 Fighting
 - Level 2.0 Dodging
 - Level 2.6 Stealth
 - Level 3.0 Spellcasting
 - Level 3.0 Conjurations
 - Level 1.0 Transmutations
 * Level 7.1 Earth Magic


You had 6 spell levels left.
You knew the following spells:

 Your Spells              Type           Power        Failure   Level  Hunger
a - Sandblast             Erth           ####..       1%          1    None
b - Stone Arrow           Conj/Erth      ###...       6%          3    ###....
c - Stoneskin             Trmt/Erth      ###.......   4%          2    ##.....


Dungeon Overview and Level Annotations

Branches:
Dungeon (5/15)
 Temple: D:4-7

Altars:
Dithmenos
Trog
Yredelemnul

Shops:
D:4 ?

Annotations:
D:4 Armakuni's ghost, average HuAr


Innate Abilities, Weirdness & Mutations

You cannot wear most types of armour.
You are amphibious.
You can wear up to eight rings at the same time.
You can use your tentacles to constrict many enemies at once.
Your skin changes colour to match your surroundings (Stlth).
Your rubbery body absorbs attacks (AC +1).


Message History

The orc wizard looks braver.
The ogre hits you with a giant spiked club!
Casting: Sandblast
Confirm with . or Enter, or press ? or * to list all spells.
Aiming: Sandblast
Press: ? - help, Shift-Dir - straight line, f/p - ogre
Aim: an ogre, wielding a giant spiked club (heavily wounded)
The rocky blast hits the ogre.
The ogre is almost dead.
Casting: Sandblast
Confirm with . or Enter, or press ? or * to list all spells.
Aiming: Sandblast
Press: ? - help, Shift-Dir - straight line, f/p - ogre
Aim: an ogre, wielding a giant spiked club (almost dead)
The rocky blast hits the ogre.
The ogre is almost dead.
The orc wizard becomes somewhat translucent.
The ogre hits you with a giant spiked club!
Ouch! That really hurt!
You die...

##.#.............# .
.#.............# .....
##.#.............# ........
...#.............##..........
#########+######............
#.........# #.#######...
#.........###.#.#s#.#.. #
#.........#...#^#^#^#.# #
#.........#.#########.# #
#.........#.#@OKoKK55K# #
#..[...%..#.#########O# #
#.........#...#^#^#^#.######..
#
#..[......'..%#.#l#5#.......#
#
#........%##..#######...###.#
# #.......................# #
#########.#.........+...#
#...#.##....###...#
########.#....###### ###.#
................# .#


You could see 2 ogres, an orc wizard, 2 crimson imps and 4 kobolds.

Vanquished Creatures
  An ogre (D:4)
  A giant frog (D:4)
  A gnoll shaman (D:4)
  An orc priest (D:4)
  A hound (D:5)
  An iguana (D:5)
  4 worker ants
  2 orc wizards (D:4)
  12 adders
  8 gnolls (D:4)
  4 worms
  2 giant eyeballs (D:4)
  3 giant geckos
  2 oozes
  8 orcs
  2 ball pythons
  7 giant cockroaches
  10 goblins
  3 hobgoblins
  11 jackals
  3 quokkas
  12 bats
  2 giant newts (D:3)
  12 kobolds
  8 rats
121 creatures vanquished.

Notes
Turn   | Place    | Note
--------------------------------------------------------------
     0 | D:1      | ReteAZ, the Octopode Earth Elementalist, began the quest for the Orb.
     0 | D:1      | Reached XP level 1. HP: 11/11 MP: 3/3
   228 | D:1      | Reached XP level 2. HP: 10/17 MP: 4/4
   425 | D:1      | Reached XP level 3. HP: 13/21 MP: 6/6
   505 | D:1      | Learned a level 3 spell: Stone Arrow
   508 | D:1      | Learned a level 2 spell: Stoneskin
   862 | D:1      | Reached skill level 4 in Earth Magic
  1166 | D:2      | Reached XP level 4. HP: 21/27 MP: 6/8
  1372 | D:2      | Reached skill level 1 in Conjurations
  2084 | D:3      | Reached XP level 5. HP: 28/31 MP: 3/9
  2193 | D:3      | Found a bloodstained altar of Trog.
  2802 | D:4      | Got a heavily runed silver ring
  2808 | D:4      | Identified the ring "Wycel" {Dex+2 Int+4} (You found it on level 4 of the Dungeon)
  2823 | D:4      | Found a basalt altar of Yredelemnul.
  2828 | D:4      | Found a shadowy altar of Dithmenos.
  2841 | D:4      | Found Ski Qeac's Magic Scroll Shop.
  3190 | D:4      | Noticed Armakuni's ghost (average HuAr)
  3244 | D:4      | Reached skill level 5 in Earth Magic
  3325 | D:4      | Reached XP level 6. HP: 20/36 MP: 6/12
  3820 | D:4      | Reached skill level 1 in Fighting
  4086 | D:4      | Reached skill level 6 in Earth Magic
  4086 | D:4      | Reached XP level 7. HP: 43/43 MP: 7/14
  4345 | D:4      | Paralysed by a giant eyeball for 3 turns
  4426 | D:4      | Noticed an ogre
  4435 | D:4      | Killed an ogre
  4484 | D:5      | Entered Level 5 of the Dungeon
  4617 | D:5      | Reached skill level 7 in Earth Magic
  4730 | D:5      | Slain by an ogre

Action                   |  1- 3 |  4- 6 |  7- 9 || total
-------------------------+-------+-------+-------++-------
Melee: Unarmed           |    10 |       |       ||    10
       Dagger            |    48 |    78 |    18 ||   144
Throw: Stone             |     3 |       |       ||     3
 Cast: Sandblast         |    24 |    36 |    31 ||    91
       Stone Arrow       |     2 |    29 |    16 ||    47
       Stoneskin         |       |     2 |       ||     2
  Use: Scroll            |     6 |     5 |     1 ||    12
       Potion            |       |     5 |       ||     5
 Stab: Sleeping          |     3 |     3 |     1 ||     7
